 Dungeon Crawl Stone Soup version 0.28-a0-312-gbced6e68ee (webtiles) character file.

Game seed: 17673309470991474396

886 dolemite99 the Frost Mage (level 7, -5/50 HPs)
             Began as a Green Draconian Ice Elementalist on Aug 31, 2021.
             Was a Believer of Qazlal.
             Slain by a gnoll (7 damage)
             ... on level 5 of the Dungeon.
             The game lasted 00:06:02 (4965 turns).

dolemite99 the Frost Mage (DrIE)                    Turns: 4965, Time: 00:06:03

Health: -5/50      AC:  9    Str: 10    XL:     7   Next: 77%
Magic:  7/10       EV: 12    Int: 18    God:    Qazlal [**....]
Gold:   116        SH:  3    Dex: 11    Spells: 7/11 levels left

rFire   . . .      SeeInvis .   a - +3 dagger (holy)
rCold   . . .      Faith    .   (no shield)
rNeg    . . .      Spirit   .   (armour unavailable)
rPois   +          Reflect  .   (helmet restricted)
rElec   .          Harm     .   r - +2 cloak {Stlth+}
rCorr   .          Rampage  .   (no gloves)
Will    .....                   (no boots)
Stlth   ++........              (no amulet)
HPRegen 0.16/turn               (no ring)
MPRegen 0.12/turn               (no ring)

@: no status effects
A: breathe noxious fumes, AC +6, unfitting armour, poison resistance,
cold-blooded
a: Breathe Noxious Fumes, Renounce Religion, Upheaval


You were on level 5 of the Dungeon.
You worshipped Qazlal.
Qazlal was pleased with you.
You visited 1 branch of the dungeon, and saw 5 of its levels.

You collected 228 gold pieces.
You spent 112 gold pieces at shops.

Inventory:

Hand Weapons
 a - a +3 dagger of holy wrath (weapon)
 i - a +0 club
Missiles
 b - 149 arrows
 j - 132 stones
 n - 15 sling bullets
 v - a throwing net
Armour
 f - a +0 cloak
 r - a +2 cloak of stealth (worn)
Magical Staves
 e - a staff of fire
Wands
 p - a wand of polymorph (17)
Scrolls
 c - 3 scrolls of amnesia {unknown}
 d - a scroll of enchant armour {unknown}
 g - 10 scrolls of identify {unknown}
 m - a scroll of fog {unknown}
Potions
 h - a potion of flight {unknown}
 k - a potion of heal wounds {unknown}
 l - a potion of might {unknown}
 o - a potion of magic
 q - 2 potions of brilliance {unknown}
 s - a potion of attraction {unknown}
 t - 3 potions of haste {unknown}
 u - a potion of curing {unknown}


   Skills:
 - Level 2.3 Dodging
 - Level 2.4 Stealth
 - Level 2.5 Spellcasting
 + Level 9.2 Ice Magic


You had 7 spell levels left.
You knew the following spells:

 Your Spells              Type           Power      Damage    Failure   Level
a - Freeze                Ice            100%       1d11      1%          1
b - Frozen Ramparts       Ice            70%        1d9       1%          3

Your spell library contained the following spells:

 Spells                   Type           Power      Damage    Failure   Level
 Ozocubu's Armour         Ice            35%        N/A       1%          3
 Hailstorm                Conj/Ice       18%        3d6       26%         4


Dungeon Overview and Level Annotations

Branches:
Dungeon (5/15)
 Temple: D:4-7

Altars:
Fedhas
Qazlal
Trog

Shops:
D:2 !

Annotations:
D:4 2 transporters, MrDNA's ghost, amateur TrMo


Innate Abilities, Weirdness & Mutations

You can breathe blasts of noxious fumes.
Your lurid green scales are hard. (AC +6)
You cannot fit into any form of body armour.
Your system is resistant to poisons. (rPois)
You are cold-blooded and may be slowed by cold attacks.


Message History

The gnoll misses you.
Casting: Freeze (safe; 1% risk of failure)
Confirm with . or Enter, or press ? or * to list all spells.
Aiming: Freeze (safe; 1% risk of failure)
Press: ? - help, Shift-Dir - straight line, f/p - gnoll
Aim: a gnoll, wielding a +0 halberd (lightly wounded)
You freeze the gnoll!
The gnoll is severely wounded.
The gnoll barely misses you.
Casting: Freeze (safe; 1% risk of failure)
Confirm with . or Enter, or press ? or * to list all spells.
Aiming: Freeze (safe; 1% risk of failure)
Press: ? - help, Shift-Dir - straight line, f/p - gnoll
Aim: a gnoll, wielding a +0 halberd (severely wounded)
You freeze the gnoll!
You kill the gnoll!
Qazlal accepts your kill.
The gnoll shouts!
Found a scroll labelled IMOZETIUCI.
The gnoll hits you from afar with a +0 halberd!
* * * LOW HITPOINT WARNING * * *
The gnoll hits you with a +0 halberd.
* * * LOW HITPOINT WARNING * * *
Casting: Freeze (safe; 1% risk of failure)
Confirm with . or Enter, or press ? or * to list all spells.
Aiming: Freeze (safe; 1% risk of failure)
Press: ? - help, Shift-Dir - straight line, f - gnoll
Aim: a gnoll, wielding a +0 halberd You freeze the gnoll!
The gnoll is heavily wounded.
The gnoll barely misses you.
Casting: Freeze (safe; 1% risk of failure)
Confirm with . or Enter, or press ? or * to list all spells.
Aiming: Freeze (safe; 1% risk of failure)
Press: ? - help, Shift-Dir - straight line, f/p - gnoll
Aim: a gnoll, wielding a +0 halberd (heavily wounded)
You freeze the gnoll.
The gnoll is severely wounded.
The gnoll hits you with a +0 halberd!
You die...

##.#.####.........
######.....#...g.......
.........<.............
###..................# #
###...†...........)... #.
#.......).........).). ?..
#.#...............)...
....###.#§..................
#..........@☼.....^.........
#.........g○...............)
###......................).
#.........###############
######.#### ###


You could see a gnoll.

Vanquished Creatures
  A troll (D:4)
  A black bear (D:4)
  A hornet zombie (D:5)
  A necrophage (D:5)
  A scorpion (D:4)
  A water moccasin skeleton (D:4)
  A hound (D:5)
  Crazy Yiuf (D:2)
  Jessica (D:2)
  Ijyb (D:3)
  An orc wizard (D:5)
  Robin (D:2)
  7 gnolls
  3 adders
  A worm (D:3)
  A dart slug (D:4)
  4 orcs (D:5)
  2 bats (D:1)
  9 endoplasms
  A giant cockroach (D:4)
  9 hobgoblins
  3 quokkas
  5 ball pythons
  9 frilled lizards
  10 goblins
  4 kobolds
80 creatures vanquished.

Vanquished Creatures (others)
  6 plants (D:1)
6 creatures vanquished.

Grand Total: 86 creatures vanquished

Notes
Turn   | Place    | Note
-------+----------+-------------------------------------------
     0 | D:1      | dolemite99 the Draconian Ice Elementalist began the quest
                  | for the Orb.
     0 | D:1      | Reached XP level 1. HP: 14/14 MP: 3/3
   484 | D:1      | Reached XP level 2. HP: 20/20 MP: 3/5
   696 | D:1      | Found a faded altar of an unknown god.
   705 | D:1      | Became a worshipper of Qazlal Stormbringer
   705 | D:1      | Reached * piety under Qazlal
  1025 | D:2      | Noticed Robin
  1246 | D:1      | Reached XP level 3. HP: 20/26 MP: 3/6
  1509 | D:2      | Killed Robin
  1716 | D:2      | Found a blossoming altar of Fedhas.
  1734 | D:2      | Found Gourutith's Distillery.
  1898 | D:2      | Bought a potion of magic for 112 gold pieces
  1984 | D:2      | Found a runed translucent door.
  1985 | D:2      | Noticed Crazy Yiuf
  1995 | D:2      | Killed Crazy Yiuf
  1996 | D:2      | Reached XP level 4. HP: 8/33 MP: 2/7
  2305 | D:2      | Learned a level 3 spell: Frozen Ramparts
  2307 | D:2      | Noticed Jessica
  2323 | D:2      | Reached ** piety under Qazlal
  2335 | D:2      | Killed Jessica
  2336 | D:2      | Reached skill level 5 in Ice Magic
  2733 | D:2      | You fall into a shaft and drop 2 floors!
  2733 | D:4      | Noticed a black bear
  2740 | D:4      | Killed a black bear
  2741 | D:4      | Reached skill level 6 in Ice Magic
  2741 | D:4      | Reached XP level 5. HP: 38/38 MP: 1/8
  3352 | D:3      | Noticed Ijyb
  3358 | D:3      | Killed Ijyb
  3406 | D:3      | Found a bloodstained altar of Trog.
  3752 | D:4      | Found a transporter.
  3771 | D:4      | Reached XP level 6. HP: 45/45 MP: 9/9
  3837 | D:4      | Noticed MrDNA's ghost (amateur TrMo)
  3896 | D:4      | Reached skill level 7 in Ice Magic
  4117 | D:4      | Found a transporter.
  4367 | D:5      | Entered Level 5 of the Dungeon
  4367 | D:5      | Noticed a troll
  4374 | D:4      | Killed a troll
  4375 | D:4      | Reached skill level 8 in Ice Magic
  4375 | D:4      | Your scales start taking on a lurid green colour.
  4375 | D:4      | Reached XP level 7. HP: 26/50 MP: 3/10
  4375 | D:4      | Gained mutation: Your system is resistant to poisons.
                  | (rPois) [Green Draconian growth]
  4846 | D:5      | Reached skill level 9 in Ice Magic
  4963 | D:5      | HP: 2/50 [gnoll (5)]
  4965 | D:5      | Slain by a gnoll

Illustrated notes

Levels and vault maps discovered:
D:1:      amcnicky_arrival_blooded_trapdoor, layout_rooms,
          dreamdust_ecumenical_altar_sealed_demon,
          minmay_misc_feat_more_columns, minmay_lizard_king
D:2:      layout_rooms, basic_altar, serial_shops, shop, uniq_robin,
          uniq_jessica, uniq_crazy_yiuf_cottage
D:3:      layout_loops_cross, lemuel_round_altar, uniq_ijyb
D:4:      layout_rooms, gammafunk_ghost_stat_death
D:5:      layout_rooms, minmay_fractal_squares_gapless_5

Skill      XL: |  1  2  3  4  5  6  7 |
---------------+----------------------+-----
Stealth        | 2 |  2.4
Dodging        | 2 |  2.3
Ice Magic      | 6 8 9 |  9.2
Spellcasting   | |  2.5

Action                   |  1- 3 |  4- 6 |  7- 9 || total
-------------------------+-------+-------+-------++-------
Melee: Staff             |    19 |     6 |       ||    25
       Dagger            |     2 |     7 |     8 ||    17
       Unarmed           |     1 |       |       ||     1
       Tailslap          |     3 |     2 |     1 ||     6
 Cast: Freeze            |    60 |    57 |    18 ||   135
       Frozen Ramparts   |       |     2 |     1 ||     3
Armor: Skin              |    31 |    27 |    15 ||    73
Dodge: Dodged            |    51 |    43 |    39 ||   133
Block: Other             |     2 |     6 |     6 ||    14

Table legend: (Time is in decaauts)
 A = Elapsed time spent in this place.
 B = Non-inter-level travel time spent in this place.
 C = Inter-level travel time spent in this place.
 D = Time resting spent in this place.
 E = Time spent auto-exploring this place.
 F = Levels seen in this place.
 G = Mean time per level.
                   A        B        C        D        E       F      G
               +--------+--------+--------+--------+--------+-----+--------+
         Total |   4978 |   4903 |     75 |   2137 |   1989 |   5 |  995.6 |
       Dungeon |   4978 |   4903 |     75 |   2137 |   1989 |   5 |  995.6 |
               +--------+--------+--------+--------+--------+-----+--------+

Top non-repeatable levels by time:
     D:1: 1553 daAuts
     D:4: 1308 daAuts
     D:2: 1191 daAuts
     D:3: 731 daAuts
     D:5: 193 daAuts
